 Dungeon Crawl Stone Soup version 0.30-a0-908-g5a111fc (webtiles) character file.

Game seed: 3150137837114231422

179 Illumine the Chopper (level 5, 0/47 HPs)
             Began as a Hill Orc Fighter on Mar 18, 2023.
             Splashed by a jelly's acid (9 damage)
             ... on level 4 of the Dungeon.
             The game lasted 00:04:15 (3611 turns).

Illumine the Chopper (Hill Orc Fighter)             Turns: 3611, Time: 00:04:17

Health: 0/47       AC: -1    Str: 21    XL:     5   Next: 59%
Magic:  5/5        EV:  4    Int:  8    God:
Gold:   175        SH:  9    Dex: 16    Spells: 4/4 levels left

rFire   . . .      SeeInvis .    a - +0 war axe
rCold   . . .      Faith    .    l - +0 kite shield
rNeg    . . .      Spirit   .    k - +0 plate armour
rPois   .          Reflect  .    h - +0 helmet
rElec   .          Rampage  .    (no cloak)
rCorr   .                        (no gloves)
Will    .....                    q - +0 pair of boots Stlth
                                 (no amulet)
HPRegen 0.27/turn                b - +6 ring of dexterity
MPRegen 0.09/turn                (no ring)

@: corroded
A: no striking features
a: no special abilities


You were on level 4 of the Dungeon.
You visited 1 branch of the dungeon, and saw 4 of its levels.

You collected 175 gold pieces.

Inventory:

Hand Weapons
 a - a +0 war axe (weapon)
Missiles
 w - 11 poisoned darts (quivered)
 y - 6 atropa-tipped darts
Armour
 h - a +0 helmet (worn)
 k - a +0 plate armour (worn)
 l - a +0 kite shield (worn)
 q - a +0 pair of boots (worn)
Jewellery
 b - a +6 ring of dexterity (left hand)
 s - an amulet of regeneration
 t - an amulet of magic regeneration
 u - a ring of see invisible
 B - an amulet of faith
Wands
 v - a wand of paralysis (5)
 z - a wand of acid (10)
Scrolls
 c - a scroll of fog {unknown}
 e - a scroll of fear {unknown}
 f - a scroll of blinking
 g - a scroll of poison
 i - a scroll of silence {unknown}
 m - a scroll of enchant armour {unknown}
 p - a scroll of magic mapping {unknown}
 r - a scroll of noise {unknown}
 x - a scroll of torment {unknown}
 A - a scroll of teleportation {unknown}
Potions
 d - 3 potions of might
 j - 2 potions of attraction
 n - a potion of brilliance
 o - a potion of curing {unknown}


   Skills:
 + Level 4.5 Fighting
 * Level 5.2 Axes
 + Level 4.1 Armour
 + Level 4.1 Shields


You had 4 spell levels left.
You didn't know any spells.
Your spell library contained the following spells:

 Spells                   Type           Power      Damage    Failure   Level
 Inner Flame              Hex/Fire       0%         N/A       100%        3
 Cause Fear               Hex            0%         N/A       100%        4
 Discord                  Hex            0%         N/A       100%        8


Dungeon Overview and Level Annotations

Branches:
Dungeon (4/15)
 Temple: D:4-7

Altars:

Shops:
D:2 :


Message History

j - 2 potions of attraction
As you read the scroll of identify, it crumbles to dust.
n - a potion of brilliance You start waiting.
Done waiting.
i - a scroll labelled KAPTO KOAXAPO
Found a shortbow.
You see here a +0 shortbow.
B - an amulet of faith A jelly comes into view.
The jelly quivers.
You hit the jelly. The acid corrodes you!
Your hands burn!
The jelly is lightly wounded.
The jelly hits you but does no damage.
You hit the jelly. The acid corrodes you!
Your hands burn!
The jelly is moderately wounded.
You block the jelly's attack.
You hit the jelly but do no damage.
Your hands burn!
The jelly is moderately wounded.
The jelly hits you but does no damage. You block the jelly's attack.
You hit the jelly but do no damage.
Your hands burn!
The jelly is moderately wounded.
The jelly hits you but does no damage.
You hit the jelly but do no damage.
Your hands burn!
The jelly is moderately wounded.
You block the jelly's attack.
You slash the jelly!
Your hands burn!
The jelly is severely wounded.
The jelly hits you. The acid corrodes you!
You are splashed with acid!
You block the jelly's attack.
You hit the jelly.
Your hands burn!
The jelly is almost dead.
You block the jelly's attack.
You hit the jelly but do no damage. The acid corrodes you!
Your hands burn!
* * * LOW HITPOINT WARNING * * *
The jelly is almost dead.
The jelly hits you.
* * * LOW HITPOINT WARNING * * *
The acid corrodes you!
You are splashed with acid!
You die...

#####.# #######
......#
################
........)......#
.....#########.#
.###.# #.#
<....# #.#
######
#.#######.# .
#..@J.....# #
###########


You could see a jelly.

Vanquished Creatures
  An iguana (D:4)
  4 gnolls (D:3)
  2 adders (D:3)
  2 ufetubi (D:4)
  2 worms (D:2)
  6 dart slugs (D:1)
  An orc (D:3)
  3 endoplasms
  3 giant cockroaches
  6 goblins
  6 hobgoblins
  5 jackals
  2 quokkas
  4 ball pythons
  5 bats
  8 frilled lizards
  6 kobolds
  2 rats
68 creatures vanquished.

Vanquished Creatures (others)
  A plant (D:4)
1 creature vanquished.

Grand Total: 69 creatures vanquished

Notes
Turn   | Place    | Note
-------+----------+-------------------------------------------
     0 | D:1      | Illumine the Hill Orc Fighter began the quest for the Orb.
     0 | D:1      | Reached XP level 1. HP: 19/19 MP: 1/1
    78 | D:1      | Reached skill level 3 in Axes
    81 | D:1      | Reached XP level 2. HP: 15/27 MP: 2/2
   384 | D:1      | Reached XP level 3. HP: 33/33 MP: 3/3
  1115 | D:2      | Reached skill level 4 in Axes
  1307 | D:2      | Found Zigotay's Book Shop.
  1514 | D:2      | Reached XP level 4. HP: 40/40 MP: 4/4
  2006 | D:3      | Found a faded altar of an unknown god.
  2632 | D:3      | Reached XP level 5. HP: 43/47 MP: 5/5
  3269 | D:4      | Reached skill level 5 in Axes
  3396 | D:4      | Noticed a water moccasin
  3611 | D:4      | Splashed by a jelly's acid

Illustrated notes

Levels and vault maps discovered:
D:1:      minmay_arrival_five_plusses, layout_basic, minmay_misc_feat_iff,
          chequers_serial_rivers_micro_e
D:2:      layout_basic, serial_shops, shop
D:3:      layout_basic, serial_rivers, chequers_serial_rivers_small_3,
          chequers_serial_rivers_large_b, chequers_serial_rivers_micro_a,
          chequers_serial_rivers_large_a, hellmonk_ecumenical_altar_lost_god,
          corexii_leaking_fountain
D:4:      layout_basic, serial_bayou_pond_b, nrook_loot_triangle, hex_medium

Skill      XL: |  1  2  3  4  5 |
---------------+----------------+-----
Axes           | 3 4 5 |  5.2
Fighting       | 4 |  4.5
Shields        | 4 |  4.1
Armour         | 4 |  4.1

Action                     |  1- 3 |  4- 6 || total
---------------------------+-------+-------++-------
  Melee: War axe           |    79 |   100 ||   179
    Use: Scroll            |       |     5 ||     5
 Armour: Scale mail        |    20 |       ||    20
         Plate armour      |    17 |    76 ||    93
  Dodge: Dodged            |    24 |    16 ||    40
  Block: Buckler           |    15 |       ||    15
         Kite shield       |     4 |    55 ||    59

Table legend: (Time is in decaauts)
 A = Elapsed time spent in this place.
 B = Non-inter-level travel time spent in this place.
 C = Inter-level travel time spent in this place.
 D = Time resting spent in this place.
 E = Time spent auto-exploring this place.
 F = Levels seen in this place.
 G = Mean time per level.
                   A        B        C        D        E       F      G
               +--------+--------+--------+--------+--------+-----+--------+
         Total |   3751 |   3629 |    122 |    249 |   2727 |   4 |  937.8 |
       Dungeon |   3751 |   3629 |    122 |    249 |   2727 |   4 |  937.8 |
               +--------+--------+--------+--------+--------+-----+--------+

Top non-repeatable levels by time:
     D:3: 1505 daAuts
     D:2: 928 daAuts
     D:1: 917 daAuts
     D:4: 400 daAuts
